Map: 워터폴

Players

Ryung

  • Race: Terran Terran
  • Spawn Location: 1:00

GuMiho - Winner!

  • Race: Terran Terran
  • Spawn Location: 7:00

Event: DreamHack SC2 Masters 2022 Atlanta (Offline)

VOD

Have the link to the VOD?

Description

Time

  • Played on: Nov. 18, 2022, 8:53 p.m.
  • Length: 12:37

All games in this series

Show
View Real Time Build Order
Export as new Build Order

Ryung Terran 

Build Orders:  

Get SALT Encoding   

  12  0:00  SCV  
  13  0:12  SCV  
  14  0:18  Supply Depot  
  14  0:24  SCV  
  14  0:28  Refinery  
  15  0:39  SCV  
  16  0:45  Barracks  
  16  0:51  SCV  
  16  0:54  Refinery  
  17  1:03  SCV  
  18  1:15  SCV  
  19  1:32  Factory, Orbital Command  
  19  1:34  Reaper  
  20  1:43  Supply Depot  
  20  1:58  SCV  
  21  2:06  Reaper  
  22  2:10  SCV  
  25  2:16  Hellion  
  25  2:22  SCV  
  26  2:26  Command Center  
  26  2:34  SCV  
  26  2:35  Supply Depot  
  27  2:38  Factory Tech Lab  
  27  2:39  Barracks Reactor  
  27  2:46  SCV  
  28  2:52  Starport  
  27  2:58  SCV  
  27  3:03  Cyclone  
  29  3:10  SCV  
  30  3:17  Marine x2  
  32  3:22  SCV  
  33  3:29  Refinery, Starport Tech Lab  
  33  3:35  SCV, Siege Tank  
  33  3:39  Orbital Command  
  37  3:44  Marine x2  
  39  3:49  SCV  
  40  3:59  Raven  
  40  4:02  Marine x2  
  44  4:03  SCV  
  44  4:05  SCV  
  44  4:08  Supply Depot  
  46  4:15  Siege Tank  
  46  4:16  SCV  
  46  4:17  SCV  
  51  4:22  Marine x2  
  53  4:28  SCV  
  53  4:30  Supply Depot, SCV  
  55  4:40  SCV, Marine x2  
  55  4:42  SCV, Raven  
  61  4:53  SCV  
  61  4:54  SCV  
  61  4:56  Command Center  
  63  5:00  Siege Tank  
  66  5:07  SCV x2  
  66  5:10  Supply Depot  
  66  5:12  Marine x2  
  70  5:22  Refinery  
  70  5:25  SCV  
  70  5:31  SCV  
  69  5:36  Siege Tank  
  69  5:37  SCV  
  69  5:41  Viking x2  
  76  5:43  SCV  
  76  5:48  Marine  
  78  5:53  Supply Depot  
  78  5:54  SCV  
  78  5:55  SCV  
  77  6:06  SCV, Marine  
  77  6:08  SCV  
  75  6:15  Viking x2  
  79  6:23  Marine  
  80  6:28  Stimpack  
  80  6:29  Orbital Command  
  80  6:31  Siege Tank  
  83  6:37  Barracks  
  82  6:41  SCV x2, Marine  
  82  6:45  Viking  
  85  6:53  SCV, Orbital Command, Viking  
  82  6:54  Barracks  
  82  6:59  Marine  
  82  7:00  SCV  
  84  7:05  SCV  
  84  7:08  Engineering Bay x2  
  85  7:13  SCV  
  86  7:16  Viking  
  86  7:17  SCV  
  89  7:23  Viking  
  89  7:25  SCV  
  89  7:26  SCV  
  93  7:31  Siege Tank  
  93  7:33  Barracks Reactor  
  93  7:35  SCV  
  95  7:38  SCV, Marine  
  95  7:43  SCV  
  96  7:46  Barracks Reactor  
  96  7:47  SCV  
  96  7:50  SCV  
  96  7:54  Viking  
  96  7:55  SCV  
  96  7:56  Marine  
  100  7:59  SCV  
  100  8:00  Viking  
  100  8:03  SCV  
  104  8:07  SCV  
  104  8:10  Marine  
  104  8:11  SCV, Terran Infantry Armor Level 1, Terran Infantry Weapons Level 1  
  107  8:15  SCV  
  109  8:20  SCV  
  109  8:23  SCV, Combat Shield  
  110  8:31  Viking x2  
  114  8:36  SCV x3  
  117  8:42  Supply Depot  
  117  8:45  Supply Depot, Barracks  
  117  8:46  Barracks  
  117  8:50  Refinery  
  117  9:00  Siege Tank  
  117  9:05  Marine x2  
  117  9:06  Marine x2  
  119  9:15  Medivac x2  
  119  9:16  Marine  
  121  9:18  SCV x3  
  121  9:20  Refinery  
  121  9:23  Marine x3  
  127  9:24  Marine  
  128  9:32  Siege Tank  
  128  9:33  Marine x2  
  128  9:35  Marine  
  128  9:38  Supply Depot  
  128  9:41  Marine x3  
  128  9:42  Marine  
  129  9:50  Medivac  
  129  9:51  Marine x2  
  124  9:53  Marine  
  122  10:00  Marine x3  
  122  10:03  Supply Depot  
  122  10:04  Supply Depot  
  125  10:11  Barracks Reactor, Marine x2  
  118  10:16  Orbital Command  
  118  10:17  Marine x3  
  101  10:23  SCV x2  
  101  10:24  Siege Tank  
  101  10:27  Barracks Reactor, Medivac  
  107  10:29  Marine x2  
  107  10:30  Medivac  
  107  10:35  Marine x3  
  109  10:47  Marine x2  
  109  10:48  Marine x2  
  113  10:53  Marine x3  
  116  11:03  Siege Tank  
  116  11:05  Marine x2  
  116  11:06  Marine x2  
  116  11:10  Marine x2  
  116  11:11  Marine x3  
  113  11:22  Marine  
  113  11:23  Marine  
  113  11:24  Marine x2  
  107  11:28  Marine x2  
  107  11:29  Marine x3  
  111  11:35  Siege Tank  
  114  11:40  Marine x2  
  114  11:41  Marine x2  
  114  11:46  Marine x5  
  123  11:58  Marine x2  
  123  11:59  Marine  
Show
View Real Time Build Order
Export as new Build Order

GuMiho Terran - Winner!

Build Orders:  

Get SALT Encoding   

  12  0:00  SCV  
  13  0:12  SCV  
  14  0:17  Supply Depot  
  14  0:24  SCV  
  14  0:27  Refinery  
  15  0:38  SCV  
  16  0:44  Barracks  
  16  0:50  SCV  
  16  0:55  Refinery  
  17  1:02  SCV  
  18  1:15  SCV  
  19  1:31  Reaper, Orbital Command  
  20  1:34  Factory  
  20  1:46  Supply Depot  
  20  1:56  SCV  
  21  2:03  Reaper  
  22  2:08  SCV  
  23  2:18  Hellion  
  23  2:20  SCV  
  26  2:27  Command Center  
  26  2:33  SCV  
  26  2:36  Supply Depot  
  27  2:37  Barracks Reactor  
  27  2:40  Factory Tech Lab  
  27  2:45  SCV  
  27  3:02  SCV  
  27  3:03  Cyclone  
  27  3:05  Starport  
  30  3:14  SCV  
  30  3:18  Marine x2  
  33  3:26  SCV  
  34  3:36  Marine x2  
  34  3:38  Siege Tank  
  39  3:42  Medivac  
  39  3:43  Orbital Command  
  39  3:45  SCV  
  42  3:54  Marine x2  
  44  3:57  SCV  
  44  3:58  Supply Depot  
  45  4:09  SCV x2  
  47  4:11  Refinery, Siege Tank  
  47  4:14  Marine  
  51  4:17  Medivac  
  51  4:20  Marine  
  51  4:23  SCV x2  
  56  4:28  Supply Depot  
  56  4:31  Supply Depot  
  56  4:35  SCV x2  
  56  4:36  Marine  
  59  4:47  Siege Tank  
  59  4:50  SCV x2  
  64  4:55  Supply Depot  
  64  5:02  SCV x2  
  64  5:07  Barracks Tech Lab  
  66  5:12  Viking  
  66  5:14  SCV x2, Viking  
  70  5:17  Supply Depot  
  72  5:26  SCV x2  
  74  5:35  Command Center  
  74  5:38  SCV x2  
  74  5:39  Marine  
  77  5:45  Viking x2  
  81  5:50  SCV  
  81  5:52  Siege Tank  
  81  5:57  Marine  
  85  6:12  SCV x2  
  85  6:15  Viking x2  
  83  6:22  Barracks  
  83  6:23  Barracks, Stimpack  
  83  6:24  SCV x2  
  85  6:36  SCV x2  
  84  6:43  Siege Tank  
  82  6:53  SCV x2, Marine  
  82  6:54  Viking x2  
  82  7:00  Refinery  
  86  7:05  SCV x2  
  88  7:10  Engineering Bay x2  
  88  7:15  Barracks Reactor x2  
  88  7:17  SCV x2  
  88  7:18  Siege Tank  
  88  7:22  Barracks  
  93  7:23  Barracks, Orbital Command  
  93  7:28  Viking  
  87  7:39  Marine  
  88  7:44  Terran Infantry Weapons Level 1  
  88  7:45  Terran Infantry Armor Level 1  
  88  7:48  SCV x2  
  90  7:51  Marine  
  90  7:53  SCV  
  90  7:58  Marine x4  
  91  7:59  Siege Tank  
  91  8:00  SCV x2, Viking  
  91  8:04  Refinery x2  
  101  8:09  Combat Shield  
  101  8:11  SCV  
  101  8:12  SCV x2  
  104  8:14  Marine x3  
  104  8:16  Marine x2  
  109  8:22  Supply Depot, Marine  
  109  8:23  SCV  
  109  8:24  Supply Depot  
  111  8:28  Missile Turret  
  111  8:30  SCV x2  
  112  8:34  Marine x3  
  112  8:35  SCV  
  116  8:44  Medivac x2  
  116  8:45  Marine x4  
  124  8:52  Supply Depot, Marine x3  
  124  8:55  Armory  
  122  9:03  Marine x4  
  125  9:10  Marine  
  125  9:16  Marine x2  
  124  9:17  Siege Tank  
  124  9:20  Marine  
  124  9:21  Marine x3  
  130  9:26  Orbital Command  
  130  9:27  Supply Depot  
  130  9:28  Supply Depot, Marine  
  130  9:30  Supply Depot  
  131  9:34  Marine x2  
  131  9:36  Medivac  
  131  9:37  Medivac  
  130  9:38  Marine x2  
  130  9:39  Marine x2  
  130  9:41  Terran Infantry Weapons Level 2  
  132  9:45  Marine  
  132  9:49  Siege Tank  
  132  9:51  Marine  
  132  9:52  Marine  
  137  9:56  Marine x2  
  137  9:57  Marine x2  
  139  10:03  Marine  
  140  10:07  Orbital Command  
  140  10:09  Marine x2  
  134  10:14  Marine x2  
  134  10:20  Marine x2  
  119  10:21  Marine  
  119  10:24  Medivac  
  119  10:26  SCV  
  119  10:27  Marine x2  
  125  10:29  SCV  
  125  10:34  SCV  
  125  10:35  Marine x2  
  127  10:38  SCV  
  127  10:41  SCV  
  131  10:46  SCV  
  131  10:49  Liberator  
  135  10:54  Liberator  
  138  11:01  Marine x3  
  138  11:02  Marine x2  
  143  11:10  Marine x2  
  145  11:11  Siege Tank  
  147  11:19  Marine x4  
  147  11:20  Marine  
  140  11:28  Marine x2  
  140  11:32  Liberator  
  144  11:37  Liberator, Marine x3  
  144  11:38  Sensor Tower  
  147  11:50  Marine x2  
  147  11:52  Barracks Reactor  
  147  11:55  Marine x2  
  147  11:56  Siege Tank  
  152  12:03  SCV  
  152  12:04  SCV x2  
  155  12:11  Command Center  
  155  12:19  Marine x2  
  155  12:21  Barracks Reactor  
  157  12:23  Supply Depot  
  157  12:28  Supply Depot  
Tags
 
Add a new tag
Caveats
  • Supply blocks, unpowered buildings, or Contaminate may cause inaccurate times.
  • Supply counts are checked every 10 seconds.